| TOP OF THE 1ST |
|
Frisco RoughRiders batting - Pitching for Birmingham Barons : RHP Mike Mik
|
|
Pitching: RHP Mike Mik
|
|
|
Batting: LHB Pauli Gassinger
|
0-0: Foul Ball, location: 2F 0-1: Swinging Strike 0-2: Ball 1-2: Ball 2-2: Foul Ball, location: 2F 2-2: Ball 3-2: Base on Balls
|
|
Batting: LHB Alfonso Collazo
|
0-0: Ball 1-0: Called Strike 1-1: Foul Ball, location: 2F 1-2: Foul Ball, location: 2F 1-2: Strikes out swinging
|
|
Batting: LHB Yasahiko Teshima
|
0-0: Ball Pauli Gassinger steals 2nd base 1-0: Ball 2-0: Ground out 4-3 (Groundball, 4, EV 79.4 MPH) Pauli Gassinger to third
|
|
Batting: RHB Chance Lamb
|
0-0: Ball 1-0: Ball 2-0: Fly out, F7 (Flyball, 7LS, EV 78.8 MPH)
|
| Top of the 1st over - 0 runs, 0 hits, 0 errors, 1 left on base; Frisco 0 - Birmingham 0 |
| BOTTOM OF THE 1ST |
|
Birmingham Barons batting - Pitching for Frisco RoughRiders : RHP Hector Bojorquez
|
|
Pitching: RHP Hector Bojorquez
|
|
|
Batting: SHB Jay Gagnon
|
0-0: Ball 1-0: Ball 2-0: Swinging Strike 2-1: Ground out 4-3 (Groundball, 4, EV 92.5 MPH)
|
|
Batting: LHB Larry Myers
|
0-0: Fly out, F6 (Popup, 6, EV 65.0 MPH)
|
|
Batting: SHB Ruben Velasco Jr.
|
0-0: Called Strike 0-1: Ball 1-1: DOUBLE (Line Drive, 78D, EV 101.2 MPH)
|
|
Batting: LHB Justin Stickney
|
0-0: Called Strike 0-1: Ground out U3 (Groundball, 34, EV 100.0 MPH)
|
| Bottom of the 1st over - 0 runs, 1 hit, 0 errors, 1 left on base; Frisco 0 - Birmingham 0 |
| TOP OF THE 2ND |
|
Frisco RoughRiders batting - Pitching for Birmingham Barons : RHP Mike Mik
|
|
Batting: LHB Joseph Martin
|
0-0: Called Strike 0-1: Foul Ball, location: 2F 0-2: Ball 1-2: Ball 2-2: Foul Ball, location: 2F 2-2: Foul Ball, location: 2F 2-2: Strikes out swinging
|
|
Batting: RHB Danny Murillo
|
0-0: Foul Ball, location: 2F 0-1: Ball 1-1: Ball 2-1: Swinging Strike 2-2: Strikes out swinging
|
|
Batting: RHB Joe Kemp
|
0-0: Ball 1-0: Foul Ball, location: 2F 1-1: Called Strike 1-2: Ball 2-2: Ball 3-2: Ground out 6-3 (Groundball, 56, EV 105.0 MPH)
|
| Top of the 2nd over - 0 runs, 0 hits, 0 errors, 0 left on base; Frisco 0 - Birmingham 0 |
| BOTTOM OF THE 2ND |
|
Birmingham Barons batting - Pitching for Frisco RoughRiders : RHP Hector Bojorquez
|
|
Batting: RHB Ethan McCullough
|
0-0: Ball 1-0: Called Strike 1-1: Ground out 3-1 (Groundball, 34, EV 90.0 MPH)
|
|
Batting: LHB Matt Hyde
|
0-0: Called Strike 0-1: Ball 1-1: Ball 2-1: Ball 3-1: Called Strike 3-2: Foul Ball, location: 2F 3-2: Fly out, F9 (Flyball, 9S, EV 94.4 MPH)
|
|
Batting: RHB Toichiro Fujimoto
|
0-0: Called Strike 0-1: Fly out, F9 (Flyball, 9S, EV 93.1 MPH)
|
| Bottom of the 2nd over - 0 runs, 0 hits, 0 errors, 0 left on base; Frisco 0 - Birmingham 0 |
| TOP OF THE 3RD |
|
Frisco RoughRiders batting - Pitching for Birmingham Barons : RHP Mike Mik
|
|
Batting: RHB Jose Pineda
|
0-0: Foul Ball, location: 2F 0-1: Foul Ball, location: 2F 0-2: Foul Ball, location: 2F 0-2: Strikes out swinging
|
|
Batting: RHB Darnell Jones
|
0-0: Called Strike 0-1: Ball 1-1: Swinging Strike 1-2: Strikes out looking
|
|
Batting: LHB Pauli Gassinger
|
0-0: Ball 1-0: Fly out, F8 (Line Drive, 78M, EV 85.0 MPH)
|
| Top of the 3rd over - 0 runs, 0 hits, 0 errors, 0 left on base; Frisco 0 - Birmingham 0 |
| BOTTOM OF THE 3RD |
|
Birmingham Barons batting - Pitching for Frisco RoughRiders : RHP Hector Bojorquez
|
|
Batting: LHB Dalton Silveira
|
0-0: Ground out U3 (Groundball, 3S, EV 83.8 MPH)
|
|
Batting: RHB John Iddings
|
0-0: Reached on error, E6 (Flyball, 6MD, EV 87.5 MPH)
|
|
Batting: SHB Jay Gagnon
|
0-0: Called Strike 0-1: DOUBLE (Line Drive, 7LM, EV 96.2 MPH) John Iddings to third
|
|
Batting: LHB Larry Myers
|
0-0: Ball 1-0: Fly out, F7 (Line Drive, 7S, EV 91.2 MPH)
|
|
Batting: SHB Ruben Velasco Jr.
|
0-0: Ball 1-0: Foul Ball, location: 2F 1-1: Foul Ball, location: 2F 1-2: SINGLE (Line Drive, 7S, EV 101.2 MPH) John Iddings scores Jay Gagnon to third Runner from 3rd tries for Home, SAFE, throw by LF to home
|
|
Batting: LHB Justin Stickney
|
0-0: Called Strike Ruben Velasco Jr. steals 2nd base 0-1: Ball 1-1: Ball 2-1: Ground out 6-3 (Groundball, 6, EV 80.0 MPH)
|
| Bottom of the 3rd over - 2 runs, 2 hits, 1 error, 1 left on base; Frisco 0 - Birmingham 2 |
| TOP OF THE 4TH |
|
Frisco RoughRiders batting - Pitching for Birmingham Barons : RHP Mike Mik
|
|
Batting: LHB Alfonso Collazo
|
0-0: Swinging Strike 0-1: Ball 1-1: Ball 2-1: Ball 3-1: SOLO HOME RUN (Flyball, 9D, EV 98.8 MPH), Distance : 394 ft
|
|
Batting: LHB Yasahiko Teshima
|
0-0: Called Strike 0-1: Fly out, F8 (Line Drive, 8LM, EV 91.9 MPH)
|
|
Batting: RHB Chance Lamb
|
0-0: Ball 1-0: Ball 2-0: Ball 3-0: Called Strike 3-1: Swinging Strike 3-2: Foul Ball, location: 2F 3-2: Strikes out swinging
|
|
Batting: LHB Joseph Martin
|
0-0: Called Strike 0-1: Swinging Strike 0-2: Ball 1-2: Ball 2-2: Strikes out looking
|
| Top of the 4th over - 1 run, 1 hit, 0 errors, 0 left on base; Frisco 1 - Birmingham 2 |
| BOTTOM OF THE 4TH |
|
Birmingham Barons batting - Pitching for Frisco RoughRiders : RHP Hector Bojorquez
|
|
Batting: RHB Ethan McCullough
|
0-0: Ground out 3-1 (Groundball, 34, EV 93.8 MPH)
|
|
Batting: LHB Matt Hyde
|
0-0: Called Strike 0-1: Ground out 6-3 (Groundball, 6M, EV 106.2 MPH)
|
|
Batting: RHB Toichiro Fujimoto
|
0-0: Ball 1-0: Fly out, F7 (Flyball, 7D, EV 88.8 MPH)
|
| Bottom of the 4th over - 0 runs, 0 hits, 0 errors, 0 left on base; Frisco 1 - Birmingham 2 |
| TOP OF THE 5TH |
|
Frisco RoughRiders batting - Pitching for Birmingham Barons : RHP Mike Mik
|
|
Batting: RHB Danny Murillo
|
0-0: DOUBLE (Line Drive, 78M, EV 108.1 MPH)
|
|
Batting: RHB Joe Kemp
|
0-0: Hit by Pitch
|
|
Batting: RHB Jose Pineda
|
0-0: Ball 1-0: Ball 2-0: Called Strike 2-1: Swinging Strike 2-2: Ball 3-2: Foul Ball, location: 2F 3-2: Foul Ball, location: 2F 3-2: Strikes out swinging
|
|
Batting: RHB Darnell Jones
|
0-0: Foul Ball, location: 2F 0-1: Swinging Strike 0-2: Foul Ball, location: 2F 0-2: Strikes out looking
|
|
Batting: LHB Pauli Gassinger
|
0-0: Called Strike 0-1: Ground out U3 (Groundball, 13, EV 86.2 MPH)
|
| Top of the 5th over - 0 runs, 1 hit, 0 errors, 2 left on base; Frisco 1 - Birmingham 2 |
| BOTTOM OF THE 5TH |
|
Birmingham Barons batting - Pitching for Frisco RoughRiders : RHP Hector Bojorquez
|
|
Batting: LHB Dalton Silveira
|
0-0: Ball 1-0: Ground out U3 (Groundball, 3S, EV 89.4 MPH)
|
|
Batting: RHB John Iddings
|
0-0: Ball 1-0: Swinging Strike 1-1: Ball 2-1: Ground out 5-3 (Groundball, 56S, EV 68.1 MPH)
|
|
Batting: SHB Jay Gagnon
|
0-0: Ball 1-0: Called Strike 1-1: Ball 2-1: Ball 3-1: Foul Ball, location: 2F 3-2: Fly out, F8 (Flyball, 8RD, EV 100.6 MPH)
|
| Bottom of the 5th over - 0 runs, 0 hits, 0 errors, 0 left on base; Frisco 1 - Birmingham 2 |
| TOP OF THE 6TH |
|
Frisco RoughRiders batting - Pitching for Birmingham Barons : RHP Mike Mik
|
|
Pitching: RHP Rick Sacket
|
|
|
Batting: LHB Alfonso Collazo
|
0-0: Ball 1-0: Called Strike 1-1: Ball 2-1: Ball 3-1: Fly out, F8 (Flyball, 8RXD, EV 98.8 MPH)
|
|
Batting: LHB Yasahiko Teshima
|
0-0: Ball 1-0: Called Strike 1-1: SINGLE (Groundball, 34S, EV 70.0 MPH) (infield hit)
|
|
Batting: RHB Chance Lamb
|
0-0: Ball Yasahiko Teshima is caught stealing 2nd base 2-4 1-0: Called Strike 1-1: Foul Ball, location: 2F 1-2: Foul Ball, location: 2F 1-2: SINGLE (Groundball, 6D, EV 98.1 MPH)
|
|
Batting: LHB Joseph Martin
|
0-0: Ball 1-0: Ball 2-0: Ball 3-0: Called Strike 3-1: Foul Ball, location: 2F 3-2: Base on Balls Chance Lamb to second
|
|
Batting: RHB Danny Murillo
|
0-0: Ball 1-0: Fly out, F7 (Flyball, 7D, EV 110.0 MPH)
|
| Top of the 6th over - 0 runs, 2 hits, 0 errors, 2 left on base; Frisco 1 - Birmingham 2 |
| BOTTOM OF THE 6TH |
|
Birmingham Barons batting - Pitching for Frisco RoughRiders : RHP Hector Bojorquez
|
|
Batting: LHB Larry Myers
|
0-0: Ball 1-0: Swinging Strike 1-1: Ground out 4-3 (Groundball, 4, EV 98.8 MPH)
|
|
Batting: SHB Ruben Velasco Jr.
|
0-0: Foul Ball, location: 2F 0-1: Foul Ball, location: 2F 0-2: Fly out, F9 (Flyball, 9S, EV 84.4 MPH)
|
|
Batting: LHB Justin Stickney
|
0-0: Ball 1-0: Ground out 5-3 (Groundball, 56, EV 80.0 MPH)
|
| Bottom of the 6th over - 0 runs, 0 hits, 0 errors, 0 left on base; Frisco 1 - Birmingham 2 |
| TOP OF THE 7TH |
|
Frisco RoughRiders batting - Pitching for Birmingham Barons : RHP Rick Sacket
|
|
Batting: RHB Joe Kemp
|
0-0: Ball 1-0: Called Strike 1-1: Ball 2-1: Foul Ball, location: 2F 2-2: Strikes out swinging
|
|
Pinch Hitting: LHB Yat-sen Zhu
|
0-0: Ball 1-0: SINGLE (Groundball, 4D, EV 96.9 MPH)
|
|
Batting: RHB Darnell Jones
|
0-0: Swinging Strike 0-1: Called Strike 0-2: Strikes out swinging
|
|
Batting: LHB Pauli Gassinger
|
0-0: Ball 1-0: Called Strike 1-1: Ground out U3 (Groundball, 3L, EV 101.2 MPH)
|
| Top of the 7th over - 0 runs, 1 hit, 0 errors, 1 left on base; Frisco 1 - Birmingham 2 |
| BOTTOM OF THE 7TH |
|
Birmingham Barons batting - Pitching for Frisco RoughRiders : RHP Hector Bojorquez
|
|
Now at 3B: Yat-sen Zhu
|
|
|
Batting: RHB Ethan McCullough
|
0-0: Foul Ball, location: 2F 0-1: Ball 1-1: Ball 2-1: Foul Ball, location: 2F 2-2: Strikes out swinging
|
|
Batting: LHB Matt Hyde
|
0-0: Called Strike 0-1: Called Strike 0-2: Ball 1-2: Foul Ball, location: 2F 1-2: Foul Ball, location: 2F 1-2: Ball 2-2: Strikes out swinging
|
|
Batting: RHB Toichiro Fujimoto
|
0-0: Foul Ball, location: 2F 0-1: Ball 1-1: Ball 2-1: Ground out 6-3 (Groundball, 6, EV 105.6 MPH)
|
| Bottom of the 7th over - 0 runs, 0 hits, 0 errors, 0 left on base; Frisco 1 - Birmingham 2 |
| TOP OF THE 8TH |
|
Frisco RoughRiders batting - Pitching for Birmingham Barons : RHP Rick Sacket
|
|
Pitching: LHP Silas Chartier
|
|
|
Batting: RHB Doug Hammertime
|
0-0: Called Strike 0-1: Ball 1-1: Ball 2-1: Ball 3-1: Swinging Strike 3-2: Strikes out swinging
|
|
Pinch Hitting: RHB Sean Neuroth
|
0-0: Ball 1-0: Ball 2-0: Called Strike 2-1: Swinging Strike 2-2: Hit by Pitch
|
|
Batting: RHB Chance Lamb
|
0-0: Called Strike 0-1: Foul Ball, location: 2F 0-2: Ball 1-2: Ball 2-2: Ball 3-2: Foul Ball, location: 2F 3-2: Grounds into double play, 4-6-3 (Groundball, 34S, EV 81.2 MPH)
|
| Top of the 8th over - 0 runs, 0 hits, 0 errors, 0 left on base; Frisco 1 - Birmingham 2 |
| BOTTOM OF THE 8TH |
|
Birmingham Barons batting - Pitching for Frisco RoughRiders : RHP Hector Bojorquez
|
|
Now at 1B: David Simpson
|
|
|
Batting: LHB Dalton Silveira
|
0-0: Ball 1-0: Ball 2-0: Ball 3-0: Base on Balls
|
|
Batting: RHB John Iddings
|
0-0: Bunted foul 0-1: Bunted foul 0-2: Strikes out swinging
|
|
Batting: SHB Jay Gagnon
|
0-0: Ball 1-0: Ball Dalton Silveira steals 2nd base 2-0: Ground out U3 (Groundball, 34, EV 108.8 MPH) Dalton Silveira to third
|
|
Batting: LHB Larry Myers
|
0-0: Swinging Strike 0-1: SINGLE (Groundball, 4MD, EV 103.8 MPH) Dalton Silveira scores
|
|
Batting: SHB Ruben Velasco Jr.
|
0-0: Ball 1-0: SINGLE (Groundball, 6MS, EV 66.2 MPH) (infield hit) Larry Myers to second
|
|
Batting: LHB Justin Stickney
|
0-0: Foul Ball, location: 2F 0-1: Fly out, F1 (Line Drive, P, EV 67.5 MPH)
|
| Bottom of the 8th over - 1 run, 2 hits, 0 errors, 2 left on base; Frisco 1 - Birmingham 3 |
| TOP OF THE 9TH |
|
Frisco RoughRiders batting - Pitching for Birmingham Barons : LHP Silas Chartier
|
|
Pitching: RHP Maury Compson
|
|
|
Now in RF: Mike Savage
|
|
|
Batting: LHB Joseph Martin
|
0-0: Ball 1-0: Called Strike 1-1: Swinging Strike 1-2: Strikes out looking
|
|
Batting: RHB Danny Murillo
|
0-0: Called Strike 0-1: Called Strike 0-2: Ball 1-2: Ball 2-2: Strikes out swinging
|
|
Batting: RHB Joe Kemp
|
0-0: Ball 1-0: Called Strike 1-1: Called Strike 1-2: Strikes out swinging
|
| Top of the 9th over - 0 runs, 0 hits, 0 errors, 0 left on base; Frisco 1 - Birmingham 3 |
|